 Dungeon Crawl Stone Soup version 0.28-a0-724-g66f9036eb4 (webtiles) character file.

Game seed: 17156660983238119907

12 flotson the Sneak (level 2, -3/24 HPs)
             Began as a Demonspawn Delver on Oct 26, 2021.
             Slain by a river rat (6 damage)
             ... on level 5 of the Dungeon.
             The game lasted 00:01:25 (279 turns).

flotson the Sneak (Demonspawn Delver)                Turns: 279, Time: 00:01:26

Health: -3/24      AC:  5    Str: 12    XL:     2   Next: 20%
Magic:  2/2        EV: 12    Int: 11    God:
Gold:   0          SH:  0    Dex: 14    Spells: 1/1 levels left

rFire   . . .      SeeInvis .   a - +0 war axe
rCold   . . .      Faith    .   (no shield)
rNeg    . . .      Spirit   .   b - +0 leather armour
rPois   .          Reflect  .   (no helmet)
rElec   .          Harm     .   (no cloak)
rCorr   .          Rampage  .   (no gloves)
Will    .....                   (no boots)
Stlth   +.........              (no amulet)
HPRegen 0.08/turn               (no ring)
MPRegen 0.08/turn               (no ring)

@: very slow
A: molten scales 1
a: no special abilities


You were on level 5 of the Dungeon.
You visited 1 branch of the dungeon, and saw 1 of its levels.

Inventory:

Hand Weapons
 a - a +0 war axe (weapon)
Armour
 b - a +0 leather armour (worn)
Wands
 g - a wand of digging (1)
Scrolls
 c - 2 scrolls of fog
 i - a scroll of amnesia {unknown}
Potions
 h - a potion of heal wounds {unknown}


   Skills:
 + Level 3.1 Fighting
 + Level 2.0 Axes
 + Level 0.6 Armour
 + Level 2.0 Dodging
 - Level 4.5 Stealth


You had one spell level left.
You didn't know any spells.
Your spell library was empty.

Dungeon Overview and Level Annotations

Branches:
Dungeon (5/15)
 Temple: D:4-7

Altars:


Innate Abilities, Weirdness & Mutations

You are partially covered in molten scales. (AC +2)


Message History

A dart slug comes into view.
The dart slug launches a dart at you.
The slug dart hits you but does no damage.
You hit the dart slug.
The dart slug is heavily wounded.
The dart slug bites you.
* * * LOW HITPOINT WARNING * * *
You hit the dart slug.
You kill the dart slug!
A bullfrog comes into view.
You see here a dart slug corpse.
Aiming: Dig
Press: ? - help, Shift-Dir - straight line A rock wall.
The rock shatters into small pieces.
You hear the rusting of a drain nearby.
Aiming: Dig
Press: ? - help, Shift-Dir - straight line A rock wall.
The rock shatters into small pieces.
A river rat comes into view.
A necrophage comes into view.
Your extra speed is starting to run out. 2 rats and 2 river rats come into view.
A ball python comes into view.
The rat bites you but does no damage. The rat bites you.
* * * LOW HITPOINT WARNING * * *
You hit the river rat but do no damage. You hit the rat but do no damage.
You closely miss the rat. The river rat misses you.
The rat bites you but does no damage.
You enter the shallow water.
Moving in this stuff is going to be slow.
The river rat bites you but does no damage.
The ball python bites you but does no damage.
The ball python grabs you. The ball python constricts you.
You escape the ball python's grasp.
You feel yourself slow down. The river rat bites you.
You die...

#.# #.#
#.#######**
#......n.,*
#.#######.*
#.........*
#rS≈......*
#r.r.....#*
#@r≈r≈≈..#
##++#≈...#
*≈≈≈*≈.≈.#
*≈∩≈*≈≈≈.#
*≈≈≈*≈≈..#
*******###


You could see 3 river rats, a ball python and 2 rats.

Vanquished Creatures
  An adder (D:5)
  A dart slug (D:5)
2 creatures vanquished.

Notes
Turn   | Place    | Note
-------+----------+-------------------------------------------
     0 | D:5      | flotson the Demonspawn Delver began the quest for the Orb.
     0 | D:5      | Reached XP level 1. HP: 18/18 MP: 1/1
    15 | D:5      | Noticed a necrophage
    47 | D:5      | Gained mutation: You are partially covered in molten
                  | scales. (AC +2) [demonic ancestry]
    47 | D:5      | Reached XP level 2. HP: 4/24 MP: 2/2
   232 | D:5      | Noticed a phantom
   253 | D:5      | Noticed a bullfrog
   272 | D:5      | Noticed a necrophage
   279 | D:5      | Slain by a river rat

Illustrated notes

Levels and vault maps discovered:
D:5:      layout_rooms, portal_sewer_entry_e, st_stairs_9,
          serial_park_tiny_pond, kennysheep_minor_cross

Skill      XL: |  1 |
---------------+----+-----
Axes           | 2 |  2.0
Dodging        | 2 |  2.0
Fighting       | |  3.1
Armour         | |  0.6
Stealth        | |  4.5

Action                   || total
-------------------------++-------
Melee: War axe           ||    13
Evoke: Wand              ||     2
  Use: Scroll            ||     2
       Potion            ||     1
Armor: Leather armour    ||    14
Dodge: Dodged            ||     6

Table legend: (Time is in decaauts)
 A = Elapsed time spent in this place.
 B = Non-inter-level travel time spent in this place.
 C = Inter-level travel time spent in this place.
 D = Time resting spent in this place.
 E = Time spent auto-exploring this place.
 F = Levels seen in this place.
 G = Mean time per level.
                   A        B        C        D        E       F      G
               +--------+--------+--------+--------+--------+-----+--------+
         Total |    266 |    257 |      9 |    153 |     14 |   1 |  266.0 |
       Dungeon |    266 |    257 |      9 |    153 |     14 |   1 |  266.0 |
               +--------+--------+--------+--------+--------+-----+--------+

Top non-repeatable levels by time:
     D:5: 266 daAuts
